cohdb
Replays
Latest Replays
All Replays
Popular Replays
Top Player Replays
Match Explorer
How It Works
Community
CoH3 Stats
Reddit
Sign in to upload your games and track your stats! →
Sign in with Steam
Match 46972099
Unlisted
Match 46972099
Overview
Messages
Build Orders
End
Vickers Machine Gun Team
Construct Section Command Post
Dingo Light Scout Car
Vickers Machine Gun Team
Selects Air and Sea Battlegroup
Selects Supply Surplus
Construct Resource Cache
Construct Resource Cache
Construct Platoon Command Post
Humber Armored Car
Infantry Section
Gear-IV-G
PutPut-AutistInPerfection
VonManteuffel
Heartless Jäger
0
0
Comments
sign in to comment!
No comments posted yet!